 Dungeon Crawl Stone Soup version 0.22-a0-558-gc224181 (webtiles) character file.

7800 iamserjio the Cleaver (level 11, 0/71 HPs)
             Began as a Gargoyle Fighter on June 27, 2018.
             Was a Priest of Okawaru.
             Slain by a freezing wraith (18 damage)
             ... in an ice cave.
             The game lasted 00:30:59 (4452 turns).

iamserjio the Cleaver (Gargoyle Fighter)            Turns: 4452, Time: 00:30:59

Health: 0/71       AC: 29    Str: 22    XL:     11   Next: 20%
Magic:  13/14      EV:  8    Int:  9    God:    Okawaru [***...]
Gold:   471        SH: 12    Dex: 10    Spells: 10/10 levels left

rFire    . . .     SeeInvis +   a - +0 war axe
rCold    . . .     Gourm    .   c - +0 shield
rNeg     + . .     Faith    .   s - +0 plate armour
rPois    ∞         Spirit   .   d - +2 helmet
rElec    +         Reflect  .   (no cloak)
rCorr    .         Harm     .   E - +1 pair of gloves
MR       .....                  (no boots)
Stlth    ..........             (no amulet)
HPRegen  0.21/turn              B - ring of stealth
MPRegen  0.14/turn              i - ring of see invisible

@: heroism, slowed, very slow
A: negative energy resistance 1, electricity resistance, unbreathing,
petrification resistance, rot immunity, AC +8
a: Heroism, Renounce Religion


You were in an ice cave.
You worshipped Okawaru.
Okawaru was most pleased with you.
You were near starving.

You visited 2 branches of the dungeon, and saw 12 of its levels.
You also visited: Ice Cave.

You collected 471 gold pieces.

Inventory:

Hand Weapons
 a - a +0 war axe (weapon)
 o - a +1 mace of draining
 A - a +1 morningstar of freezing
Missiles
 C - 3 tomahawks (quivered)
Armour
 b - a +0 scale mail
 c - a +0 shield (worn)
 d - a +2 helmet (worn)
 p - a +0 chain mail
 s - a +0 plate armour (worn)
 y - a +0 troll leather armour
 E - a +1 pair of gloves (worn)
Jewellery
 h - a +3 ring of intelligence
 i - a ring of see invisible (right hand)
 n - an uncursed ring of magical power
 B - a ring of stealth (left hand)
Wands
 j - a wand of polymorph (14)
 q - a wand of digging (9)
Scrolls
 g - 3 scrolls of immolation
 l - 4 scrolls of enchant weapon
 r - a scroll of remove curse {@r2}
 x - a scroll of random uselessness
Potions
 e - a potion of mutation
 k - 2 potions of magic
 m - 3 potions of flight
 u - a potion of haste
 v - a potion of ambrosia
 z - a potion of brilliance {unknown}
 D - a potion of invisibility {unknown}
 F - 4 potions of curing {@q1}
Comestibles
 f - 9 rations


   Skills:
 * Level 9.6(14.6) Fighting
 * Level 11.5(16.5) Axes
 + Level 6.9(11.9) Armour
 + Level 5.8(10.8) Shields
 - Level 4.0 Invocations


You had 10 spell levels left.
You didn't know any spells.
Your spell library contained the following spells:

 Spells                   Type           Power        Failure   Level  Hunger
 Regeneration             Chrm/Necr      #.........   100%        3    ####...
 Shroud of Golubria       Chrm/Tloc      #.........   100%        2    ###....
 Infusion                 Chrm           #...         100%        1    ##.....
 Song of Slaying          Chrm           #.......     100%        2    ###....
 Spectral Weapon          Hex/Chrm       #.......     100%        3    ####...


Dungeon Overview and Level Annotations

Branches:
Dungeon (11/15)            Temple (1/1) D:6            Lair (0/6) D:11
    Orc (0/2) D:9

Altars:
Ashenzari
Dithmenos
Elyvilon
Gozag
Makhleb
Nemelex Xobeh
Okawaru
Qazlal
Ru
Sif Muna
Trog
Uskayaw
Vehumet
Wu Jian
Xom
Yredelemnul
Zin
The Shining One


Innate Abilities, Weirdness & Mutations

You are resistant to torment.
Your stone body is resilient. (AC +8)
You are immune to poison.
You resist negative energy. (rN+)
You are resistant to electric shocks. (rElec)
You can survive without breathing.
You are immune to petrification.
You are immune to rotting.


Message History

You slash the freezing wraith!
The freezing wraith is moderately damaged.
The freezing wraith barely misses you.
The freezing wraith hits you but does no damage.
You hit the freezing wraith.
The freezing wraith is moderately damaged.
The freezing wraith hits you but does no damage. x2
You slash the freezing wraith!
The freezing wraith is severely damaged.
The freezing wraith hits you but does no damage.
You block the freezing wraith's attack.
Your shield and plate armour prevent you from hitting the freezing wraith.
The freezing wraith is severely damaged.
The freezing wraith closely misses you. You block the freezing wraith's attack.
You closely miss the freezing wraith.
The freezing wraith is severely damaged.
The freezing wraith hits you.
* * * LOW HITPOINT WARNING * * *
The freezing wraith freezes you!!
You die...

##......### ##..
#.........###...
#..........#....
#.......##....##
##.....####..###
#......# ####
#.#....## ###
##.##...##
##.###@###..##
#...#W###..##
#....####..#
#..#...#...#
#..##.....##
##.###...##
#..###### ##..#
#...#


You could see a freezing wraith.

Vanquished Creatures
  A two-headed ogre (D:9)
  A freezing wraith (IceCv)
  Prince Ribbit (D:5)
  A troll (D:10)
  A wyvern (D:10)
  4 yaks (D:6)
  3 hungry ghosts
  Edmund (D:4)
  A water moccasin (D:9)
  A soldier ant (D:11)
  A black bear (D:7)
  13 ice beasts
  2 sky beasts
  5 necrophages
  An orc warrior (D:8)
  A phantom (D:5)
  2 ogres
  2 centaurs
  A crocodile (D:5)
  2 big kobolds
  4 bullfrogs
  2 scorpions
  A troll zombie (D:9)
  A swamp dragon simulacrum (IceCv)
  3 killer bees (D:10)
  4 wights (D:7)
  6 howler monkeys
  5 crimson imps
  3 hounds
  2 jellies
  An orc priest (D:9)
  An orc wizard (D:4)
  A bullfrog skeleton (D:10)
  3 gnoll shamans (D:3)
  A polar bear simulacrum (IceCv)
  6 worker ants
  2 wolf simulacra (IceCv)
  7 ogre zombies (D:9)
  A hound skeleton (D:6)
  A worker ant zombie (D:6)
  Robin (D:2)
  37 gnolls
  A howler monkey skeleton (D:5)
  11 adders
  2 shadow imps
  5 white imps (IceCv)
  An ooze (D:1)
  2 adder skeletons
  4 worms
  A dart slug (D:3)
  6 leopard geckos
  12 orcs
  9 bats
  2 giant cockroaches
  15 goblins
  16 hobgoblins
  7 jackals
  2 quokkas
  3 ball pythons
  A frilled lizard (D:2)
  3 goblin skeletons (D:9)
  A goblin zombie (D:9)
  A hobgoblin skeleton (D:9)
  4 hobgoblin zombies (D:9)
  A jackal skeleton (D:6)
  13 kobolds
  3 orc skeletons (D:9)
  11 orc zombies (D:9)
  7 rats
282 creatures vanquished.

Notes
Turn   | Place    | Note
-------+----------+-------------------------------------------
     0 | D:1      | iamserjio the Gargoyle Fighter began the quest for the Orb.
     0 | D:1      | Reached XP level 1. HP: 14/14 MP: 1/1
    32 | D:1      | Reached skill level 2 in Axes
    89 | D:1      | Reached XP level 2. HP: 10/19 MP: 2/2
   173 | D:2      | Reached XP level 3. HP: 16/24 MP: 3/3
   239 | D:2      | Reached skill level 3 in Axes
   243 | D:2      | Reached XP level 4. HP: 12/29 MP: 4/4
   243 | D:2      | Noticed Robin
   262 | D:2      | Killed Robin
   366 | D:2      | Reached skill level 4 in Axes
   385 | D:1      | Reached XP level 5. HP: 18/33 MP: 5/5
   475 | D:2      | Found a glowing silver altar of Zin.
   629 | D:4      | Noticed a necrophage
   640 | D:4      | Killed a necrophage
   640 | D:4      | Reached skill level 5 in Axes
   640 | D:4      | Reached XP level 6. HP: 13/38 MP: 6/6
   715 | D:4      | Found a sacrificial altar of Ru.
   894 | D:5      | Entered Level 5 of the Dungeon
   894 | D:5      | Noticed a phantom
   978 | D:5      | Killed a phantom
   978 | D:5      | Reached skill level 6 in Axes
  1021 | D:5      | Reached XP level 7. HP: 43/43 MP: 7/7
  1051 | D:5      | Found a radiant altar of Vehumet.
  1141 | D:5      | Found a basalt altar of Yredelemnul.
  1179 | D:5      | Reached skill level 7 in Axes
  1263 | D:5      | HP: 1/43 [worker ant (3)]
  1310 | D:5      | Reached skill level 8 in Axes
  1310 | D:5      | Reached XP level 8. HP: 17/48 MP: 8/8
  1316 | D:5      | Noticed Prince Ribbit
  1358 | D:5      | HP: 3/72 [Prince Ribbit (3)]
  1397 | D:5      | HP: 2/48 [worker ant (2)]
  1436 | D:5      | Reached skill level 9 in Axes
  1459 | D:5      | Killed Prince Ribbit
  1548 | D:4      | Noticed Edmund
  1575 | D:4      | Killed Edmund
  1682 | D:4      | Found an ornate altar of the Wu Jian Council.
  1914 | D:3      | Reached XP level 9. HP: 38/52 MP: 9/9
  1933 | D:3      | Reached skill level 10 in Axes
  2007 | D:3      | Reached skill level 5 in Fighting
  2747 | D:6      | Found a bloodstained altar of Trog.
  2837 | D:6      | Reached skill level 5 in Armour
  2859 | D:6      | Found a staircase to the Ecumenical Temple.
  2892 | Temple   | Entered the Ecumenical Temple
  2934 | Temple   | Became a worshipper of Warmaster Okawaru
  3053 | D:6      | Reached XP level 10. HP: 63/63 MP: 10/10
  3296 | D:7      | Reached skill level 1 in Invocations
  3538 | D:8      | Reached * piety under Okawaru
  3676 | D:9      | Found a staircase to the Orcish Mines.
  3846 | D:9      | Noticed a two-headed ogre
  3861 | D:9      | Killed a two-headed ogre
  3861 | D:9      | Reached ** piety under Okawaru
  3861 | D:9      | Reached skill level 11 in Axes
  3861 | D:9      | Reached skill level 5 in Shields
  3970 | D:10     | Entered Level 10 of the Dungeon
  4114 | D:11     | Found a staircase to the Lair.
  4114 | D:11     | Noticed a death yak
  4114 | D:11     | Noticed a death yak
  4279 | D:11     | Found a frozen archway.
  4296 | D:11     | Reached XP level 11. HP: 56/71 MP: 11/13
  4340 | IceCv    | Entered an ice cave
  4437 | IceCv    | Reached *** piety under Okawaru
  4452 | IceCv    | Slain by a freezing wraith

Vault maps used:
D:1:      lightli_molten_gateway
D:2:      zin_statuary, marbit_many_paths, minmay_misc_feat_rows, st_stairs_8,
          uniq_robin
D:3:      lemuel_castle_with_subvaults, lemuel_coloured_pillars_altar,
          fedhas_altar_3
D:4:      cheibrodos_old_hovel, nicolae_ru_great_annihilating_truth,
          nicolae_overflow_crystal_walls, serial_corexii_hall,
          corexii_hall_statues_i, corexii_hall_statues_l, uniq_edmund
D:5:      lemuel_round_altar, kennysheep_mini_moat, first_ration,
          uniq_prince_ribbit1
D:6:      old_standard_altar, minmay_temple_entry_statues
D:8:      slow_altar_2
D:9:      zombieorc2_lemuel, uniq_joseph
D:10:     serial_glass, glass_columns_b, glass_columns_a, glass_columns_a,
          glass_columns_c, glass_columns_c, glass_columns_c, glass_columns_a,
          glass_columns_a, glass_columns_c, glass_columns_b, glass_columns_b,
          glass_columns_b, glass_columns_b, glass_columns_a
D:11:     dpeg_lair_monsters, portal_ice_cave_entry_ice_beasts
Temple:   minmay_temple_bridge_abc
IceCv:    ice_cave_small_necro

Skill      XL: |  1  2  3  4  5  6  7  8  9 10 11 |
---------------+----------------------------------+-----
Axes           | 2 3 4 5 6 8 9 10 11 | 11.5
Fighting       | 4 7 9 |  9.6
Shields        | 4 5 |  5.8
Armour         | 5 6 |  6.9
Invocations    | 3 4 |  4.0

Action                   |  1- 3 |  4- 6 |  7- 9 | 10-12 || total
-------------------------+-------+-------+-------+-------++-------
Melee: War axe           |    69 |   163 |   483 |   257 ||   972
       Mace              |       |    26 |    35 |       ||    61
       Morningstar       |       |       |       |   177 ||   177
Invok: Heroism           |       |       |       |    14 ||    14
Evoke: Wand              |       |       |       |     1 ||     1
  Use: Potion            |       |     1 |     7 |     2 ||    10
       Scroll            |       |     5 |     3 |     8 ||    16
 Stab: Invisible         |       |     1 |       |       ||     1
       Paralysed         |       |     1 |       |       ||     1
  Eat: Ration            |       |       |     1 |     3 ||     4
       Chunk             |       |       |     5 |     7 ||    12
Armor: Scale mail        |    34 |    87 |       |       ||   121
       Chain mail        |       |    58 |   220 |       ||   278
       Skin              |       |       |     7 |       ||     7
       Plate armour      |       |       |    76 |   323 ||   399
Dodge: Dodged            |    24 |    74 |    96 |    90 ||   284
Block: Shield            |    43 |   111 |   210 |   283 ||   647

Table legend:
 A = Spawn XP
 B = Non-spawn XP
 C = Spawn XP percentage of total XP
 D = Spawn monster count
 E = Non-spawn monster count
 F = Spawn count percentage of total count
 G = Total turns spent on level
                    A         B        C        D         E        F      G
               +---------+---------+-------+---------+---------+-------+---------
         Total |       0 |   11144 |   0.0 |       0 |     282 |   0.0 |  4452
               +---------+---------+-------+---------+---------+-------+---------
           D:1 |       0 |      37 |   0.0 |       0 |      20 |   0.0 |   187
           D:2 |       0 |     135 |   0.0 |       0 |      35 |   0.0 |   327
           D:3 |       0 |     786 |   0.0 |       0 |      55 |   0.0 |   451
           D:4 |       0 |     363 |   0.0 |       0 |      11 |   0.0 |   646
           D:5 |       0 |    1624 |   0.0 |       0 |      29 |   0.0 |   721
           D:6 |       0 |    1480 |   0.0 |       0 |      18 |   0.0 |   589
           D:7 |       0 |     802 |   0.0 |       0 |      14 |   0.0 |   460
           D:8 |       0 |     715 |   0.0 |       0 |      15 |   0.0 |   250
           D:9 |       0 |    1773 |   0.0 |       0 |      41 |   0.0 |   271
          D:10 |       0 |     786 |   0.0 |       0 |      10 |   0.0 |   220
          D:11 |       0 |    1414 |   0.0 |       0 |      19 |   0.0 |   150
         IceCv |       0 |    1229 |   0.0 |       0 |      15 |   0.0 |   112
               +---------+---------+-------+---------+---------+-------+---------
